 Dungeon Crawl Stone Soup version 0.21-a0-185-g3a6ed1e (webtiles) character file.

16509 namelastname112 the Zephyrmancer (level 12, -3/105 HPs)
             Began as a Black Draconian Wanderer on Aug 12, 2017.
             Was a High Priest of Vehumet.
             Slain by a white ugly thing (34 damage)
             ... on level 12 of the Dungeon.
             The game lasted 00:23:55 (18049 turns).

namelastname112 the Zephyrmancer (DrWn)            Turns: 18049, Time: 00:23:56

Health: -3/105     AC: 11    Str: 13    XL:     12   Next: 10%
Magic:  7/24       EV: 15    Int: 26    God:    Vehumet [*****.]
Gold:   715        SH:  0    Dex:  9    Spells: 19/27 levels left

rFire    + . .     SeeInvis .   J - +1 dagger (venom)
rCold    . . .     Gourm    .   (no shield)
rNeg     . . .     Faith    .   (armour unavailable)
rPois    .         Spirit   .   (helmet restricted)
rElec    +         Reflect  .   H - +0 cloak
rCorr    .         Harm     .   (no gloves)
MR       .....                  u - +1 pair of boots
Stlth    +.........             (no amulet)
HPRegen  0.27/turn              h - ring of protection from fire
MPRegen  0.19/turn              n - +5 ring of intelligence

@: slowed, drained, very slow
A: breathe lightning, unfitting armour, electricity resistance, cold-blooded, AC
+8
a: Breathe Lightning, Renounce Religion


You were on level 12 of the Dungeon.
You worshipped Vehumet.
Vehumet was extremely pleased with you.
You were hungry.

You visited 1 branch of the dungeon, and saw 12 of its levels.

You collected 715 gold pieces.

Inventory:

Hand Weapons
 J - a +1 dagger of venom (weapon)
Armour
 u - a +1 pair of boots (worn)
 H - a +0 cloak (worn)
Jewellery
 h - a ring of protection from fire (left hand)
 n - a +5 ring of intelligence (right hand)
Wands
 c - a wand of paralysis (10/24)
 l - a wand of enslavement (16/24)
 B - a wand of flame (11/48)
 C - a wand of scattershot (2/9)
 K - a wand of polymorph (16/24)
 M - a wand of flame (17/48)
Scrolls
 e - 8 scrolls of remove curse
 f - 2 scrolls of identify
 g - 9 scrolls of teleportation
 k - a scroll of fear
 o - a scroll of immolation
 q - 2 scrolls of magic mapping
 r - 2 scrolls of enchant armour
 s - a scroll of blinking
 w - a scroll of enchant weapon
 y - a scroll of recharging
 D - 5 scrolls of amnesia
Potions
 j - 3 potions of ambrosia
 m - a potion of lignification
 p - 3 potions of brilliance
 t - 3 potions of flight
 x - a potion of berserk rage
 z - 5 potions of curing
 A - a potion of heal wounds
 E - 3 potions of haste
Books
 a - a book of Frost

   Spells                             Type                      Level
   a - Freeze                         Ice                          1
   b - Throw Frost                    Conjuration/Ice              2
   c - Ozocubu's Armour               Charms/Ice                   3
   d - Throw Icicle                   Conjuration/Ice              4
   e - Summon Ice Beast               Ice/Summoning                4
 b - Vesioqau's Incunabulum of Feathers

   Spells                             Type                      Level
   a - Shock                          Conjuration/Air              1
   b - Static Discharge               Conjuration/Air              3
 i - a book of Misfortune

   Spells                             Type                      Level
   a - Confusing Touch                Hexes                        1
   b - Confuse                        Hexes                        3
   c - Gell's Gravitas                Translocation                3
   d - Petrify                        Transmutation/Earth          4
   e - Metabolic Englaciation         Hexes/Ice                    5
   f - Yara's Violent Unravelling     Hexes/Transmutation          5
 v - a book of Changes

   Spells                             Type                      Level
   a - Beastly Appendage              Transmutation                1
   b - Sticks to Snakes               Transmutation                2
   c - Spider Form                    Transmutation/Poison         3
   d - Ice Form                       Ice/Transmutation            4
   e - Blade Hands                    Transmutation                5
 L - a book of Callings

   Spells                             Type                      Level
   a - Summon Small Mammal            Summoning                    1
   b - Call Imp                       Summoning                    2
   c - Call Canine Familiar           Summoning                    3
   d - Summon Guardian Golem          Hexes/Summoning              3
   e - Summon Lightning Spire         Summoning/Air                4
   f - Summon Ice Beast               Ice/Summoning                4
Comestibles
 d - 10 bread rations
 F - 12 fruits
 G - a royal jelly
 I - 4 meat rations


   Skills:
 + Level 9.6(9.5) Fighting
 + Level 8.2(8.1) Dodging
 + Level 8.3(8.2) Spellcasting
 + Level 7.0 Conjurations
   Level 2.0(1.9) Ice Magic
 * Level 12.8(12.7) Air Magic
 - Level 2.0(1.9) Evocations


You had 19 spell levels left.
You knew the following spells:

 Your Spells              Type           Power        Failure   Level  Hunger
c - Summon Lightning Spi  Summ/Air       #####...     4%          4    ##.....
x - Static Discharge      Conj/Air       ######..     1%          3    None
z - Shock                 Conj/Air       ####         1%          1    None


Dungeon Overview and Level Annotations

Branches:
Dungeon (12/15)            Temple (0/1) D:6            Lair (0/6) D:11
    Orc (0/2) D:11

Altars:
Hepliaklqana
Kikubaaqudgha
Nemelex Xobeh
Okawaru
Qazlal
Ru
Sif Muna
Vehumet
Xom
Yredelemnul
The Shining One

Shops:
D:7 }


Innate Abilities, Weirdness & Mutations

You can breathe wild blasts of lightning.
Your glossy black scales are hard. (AC +8)
You cannot fit into any form of body armour.
You are resistant to electric shocks. (rElec)
You are cold-blooded and may be slowed by cold attacks.


Message History

Aiming: Summon Lightning Spire
Press: ? - help, Dir - move target cursor An electric hum fills the air.
The white ugly thing barely misses you.
You now have 13/24 mp.
Casting: Summon Lightning Spire
Confirm with . or Enter, or press ? or * to list all spells.
The white ugly thing is struck by lightning.
The white ugly thing is lightly wounded.
The lightning arcs!
The white ugly thing trunk-slaps you! The white ugly thing freezes you!!
Your lightning spire shoots out a bolt of lightning at the white ugly thing!
The bolt of electricity hits the white ugly thing.
You take 45 damage, and have 46/105 hp.
MASSIVE DAMAGE!!
You now have 10/24 mp.
Casting: Static Discharge
Confirm with . or Enter, or press ? or * to list all spells.
Some blue arcs ground themselves harmlessly around you.
The white ugly thing trunk-slaps you!
* * * LOW HITPOINT WARNING * * *
The white ugly thing freezes you!!
You feel yourself slow down.
You die...

########## . #........# ..
#........# #### ...
#........######... .)..
#........##......# .....
#........##.##...#
[.....####8.......#..##.###
.........u@.......#.##..#
.......###........#....##
........######.####..###
....... ...# #)........#
....... #.###.#.#.....#
.?..... #.............#
......####(....#.#....<#
.....##...((.))..#..)<)#
#......(.).#.)...#


You could see a white ugly thing and a friendly lightning spire.

Vanquished Creatures
  A hydra (D:8)
  A centaur warrior (D:12)
  A two-headed ogre (D:4)
  An unseen horror (D:11)
  An ugly thing (D:11)
  2 oklob plants (D:11)
  A manticore (D:12)
  Maurice (D:8)
  Joseph (D:8)
  2 gargoyles (D:11)
  3 trolls
  A hornet (D:9)
  Prince Ribbit (D:8)
  2 hippogriffs
  2 dream sheep (D:8)
  Eustachio (D:6)
  8 yaks
  A vampire (D:10)
  2 wyverns
  The ghost of namelastname112 the Poker, an amateur DrWn (D:4)
  3 hungry ghosts (D:8)
  Grum (D:8)
  A soldier ant (D:10)
  A water moccasin (D:10)
  2 ice beasts
  5 orc warriors
  A black bear (D:6)
  2 ogres
  3 sky beasts
  A phantom (D:11)
  A necrophage (D:11)
  2 wolves (D:8)
  12 centaurs
  Blork the orc (D:6)
  9 bullfrogs
  5 big kobolds
  A water moccasin zombie (D:6)
  A gnoll sergeant (D:12)
  3 scorpions
  2 killer bees (D:9)
  4 wights (D:10)
  A howler monkey (D:9)
  7 crimson imps
  2 centaur zombies
  5 orc priests
  A bullfrog zombie (D:7)
  3 hounds
  6 jellies
  A centaur skeleton (D:8)
  6 orc wizards
  A bullfrog skeleton (D:11)
  2 iguanas
  10 worker ants
  A killer bee zombie (D:7)
  2 hound zombies (D:8)
  11 gnolls
  13 adders
  2 shadow imps
  An ooze (D:7)
  A worm (D:3)
  5 dart slugs
  6 leopard geckos
  40 orcs
  2 ball pythons
  4 giant cockroaches
  2 gnoll zombies (D:7)
  7 goblins
  4 hobgoblins
  9 jackals
  20 kobolds
  10 quokkas
  12 bats
  A frilled lizard (D:4)
  A leopard gecko skeleton (D:8)
  3 quokka skeletons
  14 rats
  3 plants (D:11)
314 creatures vanquished.

Vanquished Creatures (collateral kills)
  A gargoyle (D:11)
  A troll (D:10)
  6 yaks
  An orc warrior (D:11)
  2 ogres
  A scorpion (D:9)
  4 killer bees (D:9)
  4 hounds
  An orc priest (D:11)
  A centaur skeleton (D:9)
  2 orc wizards (D:11)
  2 worker ants
  A killer bee zombie (D:9)
  An adder (D:9)
  A shadow imp (D:12)
  4 orcs (D:11)
  A jackal (D:9)
34 creatures vanquished.

Vanquished Creatures (others)
  A human (D:8)
  2 plants
3 creatures vanquished.

Grand Total: 351 creatures vanquished

Notes
Turn   | Place    | Note
-------+----------+-------------------------------------------
     0 | D:1      | namelastname112 the Draconian Wanderer began the quest for the Orb.
     0 | D:1      | namelastname112 set off with: a book of Frost, Vesioqau's Incunabulum of Feathers, a +0 club, a bread ration
     0 | D:1      | Reached XP level 1. HP: 16/16 MP: 2/2
     0 | D:1      | Identified Vesioqau's Incunabulum of Feathers
   390 | D:1      | Reached XP level 2. HP: 15/23 MP: 3/3
  1186 | D:1      | Reached XP level 3. HP: 25/29 MP: 5/5
  1960 | D:2      | Found a sparkling altar of Nemelex Xobeh.
  2622 | D:3      | Reached XP level 4. HP: 33/37 MP: 7/7
  2720 | D:3      | Found a radiant altar of Vehumet.
  2991 | D:3      | Found a hazy altar of Hepliaklqana.
  3512 | D:3      | Reached XP level 5. HP: 44/45 MP: 9/9
  3575 | D:3      | Became a worshipper of Vehumet
  3604 | D:4      | Noticed namelastname112's ghost (amateur DrWn)
  3992 | D:4      | Noticed a two-headed ogre
  4015 | D:5      | Entered Level 5 of the Dungeon
  4212 | D:5      | Found a deep blue altar of Sif Muna.
  4542 | D:5      | Found a stormy altar of Qazlal.
  4643 | D:5      | Reached XP level 6. HP: 39/52 MP: 11/11
  5007 | D:5      | Found an iron altar of Okawaru.
  5007 | D:5      | Found a deep blue altar of Sif Muna.
  5223 | D:6      | Noticed Eustachio
  5328 | D:6      | Killed Eustachio
  5547 | D:6      | Noticed Blork the orc
  5551 | D:6      | Your scales start taking on a glossy black colour.
  5551 | D:6      | Reached XP level 7. HP: 37/60 MP: 13/13
  5551 | D:6      | Gained mutation: You are resistant to electric shocks. (rElec) [Black Draconian growth]
  5573 | D:6      | Killed Blork the orc
  5641 | D:5      | Learned a level 3 spell: Static Discharge
  5643 | D:5      | Learned a level 1 spell: Shock
  5763 | D:6      | Reached skill level 5 in Fighting
  6132 | D:6      | Found a glowing golden altar of the Shining One.
  6142 | D:6      | Reached skill level 3 in Air Magic
  7114 | D:6      | Reached skill level 4 in Air Magic
  7340 | D:6      | Reached XP level 8. HP: 55/69 MP: 7/15
  7486 | D:6      | Reached skill level 5 in Air Magic
  8055 | D:6      | Reached skill level 5 in Spellcasting
  8055 | D:6      | Reached skill level 1 in Conjurations
  8241 | D:6      | Found a staircase to the Ecumenical Temple.
  8292 | D:7      | Found Zevve's Gadget Shop.
  8318 | D:7      | Reached skill level 5 in Dodging
  8349 | D:7      | Reached * piety under Vehumet
  8349 | D:7      | Offered knowledge of Sandblast by Vehumet.
  8369 | D:7      | Reached skill level 6 in Air Magic
  8712 | D:7      | Found a sacrificial altar of Ru.
  9018 | D:7      | Found a basalt altar of Yredelemnul.
  9068 | D:8      | Noticed Joseph
  9241 | D:8      | Killed Joseph
  9241 | D:8      | Reached skill level 7 in Air Magic
  9241 | D:8      | Reached XP level 9. HP: 77/77 MP: 1/17
  9504 | D:8      | Noticed Grum
  9516 | D:8      | Killed Grum
  9712 | D:8      | Noticed Maurice
  9735 | D:8      | Killed Maurice
  9735 | D:8      | Offered knowledge of Flame Tongue by Vehumet.
  9735 | D:8      | Reached skill level 8 in Air Magic
  9979 | D:8      | Reached ** piety under Vehumet
 10059 | D:8      | Noticed Prince Ribbit
 10553 | D:8      | Reached XP level 10. HP: 71/86 MP: 10/19
 10578 | D:8      | Reached skill level 9 in Air Magic
 10870 | D:8      | Noticed a three-headed hydra
 10885 | D:8      | Killed a three-headed hydra
 11233 | D:8      | Killed Prince Ribbit
 11263 | D:8      | Noticed a six-headed hydra
 11312 | D:8      | Reached skill level 5 in Conjurations
 11518 | D:8      | Found an ancient bone altar of Kikubaaqudgha.
 11660 | D:4      | Reached skill level 10 in Air Magic
 11677 | D:4      | Killed a two-headed ogre
 11704 | D:4      | Killed namelastname112's ghost
 11704 | D:4      | Offered knowledge of Inner Flame by Vehumet.
 11970 | D:4      | Learned a level 4 spell: Summon Lightning Spire
 12215 | D:9      | Reached *** piety under Vehumet
 12387 | D:9      | Offered knowledge of Stone Arrow by Vehumet.
 12388 | D:9      | Reached XP level 11. HP: 63/95 MP: 15/22
 12616 | D:9      | Paralysed by a hornet for 2 turns
 12889 | D:9      | Reached **** piety under Vehumet
 12938 | D:9      | Offered knowledge of Irradiate by Vehumet.
 12954 | D:9      | Found a sacrificial altar of Ru.
 13214 | D:10     | Entered Level 10 of the Dungeon
 13280 | D:10     | Reached skill level 11 in Air Magic
 13647 | D:10     | Found a shimmering altar of Xom.
 14480 | D:11     | Killed an unseen horror
 14896 | D:11     | Noticed an oklob plant
 14912 | D:11     | Killed an oklob plant
 14914 | D:11     | Found a staircase to the Lair.
 14919 | D:11     | Noticed an oklob plant
 15080 | D:11     | Killed an oklob plant
 15443 | D:11     | Reached skill level 12 in Air Magic
 15464 | D:11     | Noticed a white ugly thing
 15698 | D:11     | Found a staircase to the Orcish Mines.
 15745 | D:11     | Killed a white ugly thing
 16554 | D:12     | Reached ***** piety under Vehumet
 16605 | D:12     | Offered knowledge of Venom Bolt by Vehumet.
 16942 | D:12     | Noticed a centaur warrior
 16958 | D:12     | Killed a centaur warrior
 17273 | D:12     | Reached XP level 12. HP: 51/105 MP: 3/24
 18049 | D:12     | Slain by a white ugly thing

Vault maps used:
D:1:      matt_arrival_diagonals, minmay_pentomino_q4
D:2:      nemelex_altar_shiori
D:3:      kennysheep_six_static_rooms, old_standard_altar, vehumet_crystals
D:5:      grunt_qazlal_clouds, gammafunk_temple_overflow_wave, basic_altar,
          first_bread
D:6:      temple_hall, basic_altar, uniq_blork_the_orc, uniq_eustachio
D:7:      lemuel_zombie_altar_yredelemnul, basic_altar, serial_shops, shop
D:8:      hangedman_ranch, tgw_kikubaaqudgha, uniq_prince_ribbit1, uniq_maurice,
          uniq_joseph, uniq_grum
D:9:      nicolae_ru_awakened_eye, uniq_gastronok
D:10:     basic_altar
D:11:     dpeg_oklobed_lair, david_orc_2
D:12:     grunt_ministairs_15

Skill      XL: |  1  2  3  4  5  6  7  8  9 10 11 |
---------------+----------------------------------+-----
Dodging        | 2 3 4 5 6 7 8 |  8.2
Fighting       | 2 3 4 5 6 7 8 9 |  9.6
Spellcasting   | 2 3 4 5 6 7 8 |  8.3
Air Magic      | 4 7 8 10 12 | 12.8
Conjurations   | 2 4 5 7 |  7.0
Ice Magic      | |  2.0
Evocations     | |  2.0

Action                   |  1- 3 |  4- 6 |  7- 9 | 10-12 || total
-------------------------+-------+-------+-------+-------++-------
Melee: Club              |    92 |       |       |       ||    92
       Tailslap          |    17 |    58 |    20 |    16 ||   111
       Short sword       |    78 |       |       |       ||    78
       Dagger            |    42 |   718 |   194 |    91 ||  1045
       Unarmed           |       |     1 |    14 |    12 ||    27
 Cast: Shock             |       |       |   253 |   491 ||   744
       Static Discharge  |       |       |    23 |    75 ||    98
       Summon Lightning  |       |       |       |    15 ||    15
 Abil: Breathe Lightning |       |       |     4 |     5 ||     9
Evoke: Wand              |       |     4 |       |       ||     4
  Use: Potion            |       |     2 |     2 |     2 ||     6
       Scroll            |       |    18 |     3 |       ||    21
 Stab: Paralysed         |       |    24 |       |       ||    24
  Eat: Chunk             |     5 |     7 |     7 |    18 ||    37
       Royal jelly       |       |     2 |     1 |     4 ||     7
       Meat ration       |       |       |     2 |       ||     2
       Fruit             |       |       |       |     2 ||     2
Armor: Skin              |    75 |   337 |   150 |    98 ||   660
Dodge: Dodged            |   159 |   531 |   173 |   234 ||  1097
       Deflected         |       |     1 |     8 |       ||     9
